 Dungeon Crawl Stone Soup version 0.28.0-45-g0d030f2227 (webtiles) character file.

Game seed: 2757101851437351888

8 Romesagentofchaos the Caller (level 2, -5/20 HPs)
             Began as a Hill Orc Summoner on Apr 15, 2022.
             Slain by a kobold
             ... wielding a +0 mace
              (7 damage)
             ... on level 1 of the Dungeon.
             The game lasted 00:00:59 (169 turns).

Romesagentofchaos the Caller (Hill Orc Summoner)     Turns: 169, Time: 00:00:59

Health: -5/20      AC:  2    Str: 10    XL:     2   Next: 8%
Magic:  4/4        EV: 12    Int: 15    God:
Gold:   0          SH:  0    Dex: 11    Spells: 3/4 levels left

rFire   . . .      SeeInvis .   b - +0 short sword
rCold   . . .      Faith    .   (no shield)
rNeg    . . .      Spirit   .   a - +0 robe
rPois   .          Reflect  .   (no helmet)
rElec   .          Harm     .   (no cloak)
rCorr   .          Rampage  .   (no gloves)
Will    .....                   (no boots)
Stlth   ++........              (no amulet)
HPRegen 0.06/turn               (no ring)
MPRegen 0.09/turn               (no ring)

@: no status effects
A: no striking features
a: no special abilities


You were on level 1 of the Dungeon.
You visited 1 branch of the dungeon, and saw 1 of its levels.

Inventory:

Hand Weapons
 b - a +0 short sword (weapon)
Armour
 a - a +0 robe (worn)


   Skills:
 + Level 1.5 Dodging
 + Level 1.7 Stealth
 + Level 1.5 Spellcasting
 + Level 4.3 Summonings


You had 3 spell levels left.
You knew the following spells:

 Your Spells              Type           Power      Damage    Failure   Level
a - Summon Small Mammal   Summ           56%        N/A       3%          1

Your spell library contained the following spells:

 Spells                   Type           Power      Damage    Failure   Level
 Call Imp                 Summ           14%        N/A       6%          2
 Call Canine Familiar     Summ           14%        N/A       12%         3
 Summon Guardian Golem    Hex/Summ       7%         N/A       28%         3
 Summon Lightning Spire   Summ/Air       7%         N/A       67%         4


Dungeon Overview and Level Annotations

Branches:
Dungeon (1/15)

Altars:


Message History

The hobgoblin hits you but does no damage.
The hobgoblin hits you.
You barely miss the hobgoblin. The hobgoblin barely misses you.
You hit the hobgoblin but do no damage. The hobgoblin hits you.
You closely miss the hobgoblin. The hobgoblin hits you.
A dart slug comes into view.
The hobgoblin barely misses you.
A kobold comes into view. It is wielding a +0 mace.
Found 8 gold pieces.
The kobold shouts!
The hobgoblin barely misses you.
You see here a scroll labelled JUFUTOI OSEJ.
The hobgoblin misses you.
A rat and a frilled lizard come into view.
The rat moves out of view.
A kobold comes into view. It is wielding a +0 short sword.
The kobold shouts!
The hobgoblin hits you.
* * * LOW HITPOINT WARNING * * *
An endoplasm comes into view.
The dart slug bites you.
* * * LOW HITPOINT WARNING * * *
The frilled lizard hisses angrily.
You hit the dart slug.
The dart slug is severely wounded.
The hobgoblin barely misses you.
A goblin comes into view. It is wielding a +0 dagger.
The goblin shouts!
You hit the dart slug.
You kill the dart slug!
The hobgoblin hits you but does no damage.
The kobold hits you with a +0 mace.
* * * LOW HITPOINT WARNING * * *
The hobgoblin misses you.
You have reached level 2!
You hit the hobgoblin.
The hobgoblin is heavily wounded.
A bat comes into view.
The kobold hits you with a +0 mace!
You die...

#.. #.. #.. #..
####################.≈
#...........(........≈
#.....?...###########.
#.....g...# ##
#....@....# #
#.K.K.....#
............# ######
....l.......# #.....
..r.J.......# #.....
b.g....$....# #.....
...#####...########.....
... ###.#.....##.....
#.......##...†.


You could see an endoplasm, a hobgoblin, a goblin, a bat, 2 kobolds, a frilled
lizard and a rat.

Vanquished Creatures
  A dart slug (D:1)
  A ball python (D:1)
  A hobgoblin (D:1)
  A rat (D:1)
4 creatures vanquished.

Vanquished Creatures (collateral kills)
  A bat (D:1)
  A kobold (D:1)
2 creatures vanquished.

Grand Total: 6 creatures vanquished

Notes
Turn   | Place    | Note
-------+----------+-------------------------------------------
     0 | D:1      | Romesagentofchaos the Hill Orc Summoner began the quest for
                  | the Orb.
     0 | D:1      | Reached XP level 1. HP: 14/14 MP: 3/3
   169 | D:1      | Reached XP level 2. HP: 2/20 MP: 4/4
   169 | D:1      | Slain by a kobold

Illustrated notes

Levels and vault maps discovered:
D:1:      minmay_arrival_floating_metal, layout_rooms

Action                   || total
-------------------------++-------
Melee: Short sword       ||    12
       Unarmed           ||     9
 Cast: Summon Small Mamm ||     2
Armor: Robe              ||     9
Dodge: Dodged            ||    21
